RL
ALBANY CHIEFS @ CHESAPEAKE MALLARDS
06/24/2060
 
TOP OF THE 1ST
Albany Chiefs batting - Pitching for Chesapeake Mallards : LHP Latif Williamson
Pitching: LHP Latif Williamson
Batting: RHB Vincent Moffett 0-0: Swinging Strike
0-1: Ground out 5-3 (Groundball, 56, EV 86.9 MPH)
Batting: LHB Gavin Goodenow 0-0: Ball
1-0: Called Strike
1-1: Swinging Strike
1-2: Fly out, F9 (Line Drive, 89D, EV 90.6 MPH)
Batting: LHB Joey Trinidad 0-0: Ball
1-0: Ball
2-0: Ball
3-0: Base on Balls
Batting: RHB Rob Lewis 0-0: Ball
1-0: Fielders Choice at 2nd, 4-6 (Groundball, 4MD, EV 80.6 MPH)
Top of the 1st over - 0 runs, 0 hits, 0 errors, 1 left on base; Albany 0 - Chesapeake 0
BOTTOM OF THE 1ST
Chesapeake Mallards batting - Pitching for Albany Chiefs : RHP Axel Mofield
Pitching: RHP Axel Mofield
Batting: RHB Elias Howard 0-0: Ball
1-0: Ball
2-0: Ball
3-0: Called Strike
3-1: Swinging Strike
3-2: Base on Balls
Batting: LHB Coy Finch 0-0: Grounds into double play, 6-4-3 (Groundball, 6, EV 86.2 MPH)
Batting: RHB Justin Reaves 0-0: Called Strike
0-1: Ball
1-1: Ball
2-1: Ball
3-1: Base on Balls
Batting: LHB Justin Long 0-0: Ball
1-0: Foul Ball, location: 2F
1-1: Foul Ball, location: 2F
1-2: Strikes out looking
Bottom of the 1st over - 0 runs, 0 hits, 0 errors, 1 left on base; Albany 0 - Chesapeake 0
TOP OF THE 2ND
Albany Chiefs batting - Pitching for Chesapeake Mallards : LHP Latif Williamson
Batting: RHB Vincent Cardon 0-0: Called Strike
0-1: Ball
1-1: Swinging Strike
1-2: Foul Ball, location: 2F
1-2: Ball
2-2: Ball
3-2: Strikes out swinging
Batting: LHB Israel Ball 0-0: Foul Ball, location: 2F
0-1: Swinging Strike
0-2: Ball
1-2: Foul Ball, location: 2F
1-2: Fly out, F8 (Flyball, 89D, EV 96.2 MPH)
Batting: RHB Martin McDaniel 0-0: Ball
1-0: Called Strike
1-1: Fly out, F8 (Flyball, 78M, EV 80.6 MPH)
Top of the 2nd over - 0 runs, 0 hits, 0 errors, 0 left on base; Albany 0 - Chesapeake 0
BOTTOM OF THE 2ND
Chesapeake Mallards batting - Pitching for Albany Chiefs : RHP Axel Mofield
Batting: SHB Bryson Daly 0-0: Called Strike
0-1: Ball
1-1: Foul Ball, location: 2F
1-2: Ground out 4-3 (Groundball, 4, EV 105.0 MPH)
Batting: LHB Cole Hasten 0-0: Ground out U3 (Groundball, 3S, EV 66.9 MPH)
Batting: RHB Cristian Schmidt 0-0: Called Strike
0-1: Called Strike
0-2: Strikes out looking
Bottom of the 2nd over - 0 runs, 0 hits, 0 errors, 0 left on base; Albany 0 - Chesapeake 0
TOP OF THE 3RD
Albany Chiefs batting - Pitching for Chesapeake Mallards : LHP Latif Williamson
Batting: RHB Kahlil Cruz 0-0: Fly out, F9 (Flyball, 89S, EV 86.9 MPH)
Batting: RHB Ash Djojopoespito 0-0: Foul Ball, location: 2F
0-1: Called Strike
0-2: Ground out 5-3 (Groundball, 56, EV 93.8 MPH)
Batting: RHB Vincent Moffett 0-0: Ball
1-0: Foul Ball, location: 2F
1-1: Ball
2-1: Ground out 6-3 (Groundball, 6, EV 110.6 MPH)
Top of the 3rd over - 0 runs, 0 hits, 0 errors, 0 left on base; Albany 0 - Chesapeake 0
BOTTOM OF THE 3RD
Chesapeake Mallards batting - Pitching for Albany Chiefs : RHP Axel Mofield
Batting: LHB Riley Clifford 0-0: Ball
1-0: SINGLE (Groundball, 6MD, EV 110.0 MPH)
Batting: RHB Levon Allport 0-0: Called Strike
0-1: Called Strike
0-2: Foul Ball, location: 2F
0-2: Foul Ball, location: 2F
0-2: Ball
1-2: Ball
2-2: Ball
3-2: Base on Balls
Riley Clifford to second
Batting: RHB Elias Howard 0-0: Ball
1-0: Ball
2-0: Ball
3-0: Fielders Choice at 2nd, 6-4 (Groundball, 6, EV 100.0 MPH)
Riley Clifford to third
Batting: LHB Coy Finch 0-0: Fly out, F3 (Popup, 23F, EV 88.8 MPH)
Batting: RHB Justin Reaves 0-0: Called Strike
Elias Howard steals 2nd base (no throw)
0-1: Swinging Strike
0-2: Foul Ball, location: 2F
0-2: Ball
1-2: Fly out, F8 (Flyball, 78S, EV 93.8 MPH)
Bottom of the 3rd over - 0 runs, 1 hit, 0 errors, 2 left on base; Albany 0 - Chesapeake 0
TOP OF THE 4TH
Albany Chiefs batting - Pitching for Chesapeake Mallards : LHP Latif Williamson
Batting: LHB Gavin Goodenow 0-0: Ball
1-0: Foul Ball, location: 2F
1-1: Called Strike
1-2: Ground out 5-3 (Groundball, 56, EV 106.9 MPH)
Batting: LHB Joey Trinidad 0-0: Called Strike
0-1: Ball
1-1: Foul Ball, location: 2F
1-2: Ball
2-2: Ball
3-2: SINGLE (Flyball, 89S, EV 99.4 MPH)
Batting: RHB Rob Lewis 0-0: Called Strike
0-1: Called Strike
0-2: Fly out, F6 (Line Drive, 6, EV 65.0 MPH)
Batting: RHB Vincent Cardon 0-0: SINGLE (Line Drive, 7LS, EV 91.9 MPH)
Joey Trinidad to second
Batting: LHB Israel Ball 0-0: Swinging Strike
0-1: Fly out, F7 (Flyball, 7, EV 86.2 MPH)
Top of the 4th over - 0 runs, 2 hits, 0 errors, 2 left on base; Albany 0 - Chesapeake 0
BOTTOM OF THE 4TH
Chesapeake Mallards batting - Pitching for Albany Chiefs : RHP Axel Mofield
Batting: LHB Justin Long 0-0: Called Strike
0-1: Ball
1-1: Called Strike
1-2: Ball
2-2: Ball
3-2: Base on Balls
Batting: SHB Bryson Daly 0-0: Ball
1-0: Swinging Strike
1-1: Called Strike
1-2: Foul Ball, location: 2F
1-2: Strikes out swinging
Batting: LHB Cole Hasten 0-0: Foul Ball, location: 2F
0-1: Ball
1-1: Hit by Pitch
Justin Long to second
Batting: RHB Cristian Schmidt 0-0: Swinging Strike
0-1: Foul Ball, location: 2F
0-2: Ball
Wild Pitch!
Justin Long to third
Cole Hasten to second
1-2: Strikes out looking
Batting: LHB Riley Clifford 0-0: Ball
1-0: Swinging Strike
1-1: Foul Ball, location: 2F
1-2: Fly out, F8 (Flyball, 8RD, EV 101.2 MPH)
Bottom of the 4th over - 0 runs, 0 hits, 0 errors, 2 left on base; Albany 0 - Chesapeake 0
TOP OF THE 5TH
Albany Chiefs batting - Pitching for Chesapeake Mallards : LHP Latif Williamson
Batting: RHB Martin McDaniel 0-0: Foul Ball, location: 2F
0-1: Foul Ball, location: 2F
0-2: Ball
1-2: Ball
2-2: SOLO HOME RUN (Flyball, 7LD, EV 93.8 MPH), Distance : 343 ft
Batting: RHB Kahlil Cruz 0-0: Called Strike
0-1: Ball
1-1: Fly out, F8 (Flyball, 89M, EV 86.9 MPH)
Batting: RHB Ash Djojopoespito 0-0: Fly out, F8 (Flyball, 8LM, EV 80.6 MPH)
Batting: RHB Vincent Moffett 0-0: Ball
1-0: Called Strike
1-1: Called Strike
1-2: Ball
2-2: SINGLE (Groundball, 56S, EV 68.8 MPH) (infield hit)
Batting: LHB Gavin Goodenow 0-0: SINGLE (Groundball, 5D, EV 102.5 MPH)
Vincent Moffett to second
Runner from 2nd tries for 3rd, SAFE, throw by LF made to third
Batting: LHB Joey Trinidad 0-0: Called Strike
0-1: Ball
1-1: Ball
2-1: Ball
3-1: Base on Balls
Gavin Goodenow to second
Batting: RHB Rob Lewis 0-0: Called Strike
0-1: Ball
1-1: Fly out, F8 (Flyball, 8LD, EV 98.8 MPH)
Top of the 5th over - 1 run, 3 hits, 0 errors, 3 left on base; Albany 1 - Chesapeake 0
BOTTOM OF THE 5TH
Chesapeake Mallards batting - Pitching for Albany Chiefs : RHP Axel Mofield
Batting: RHB Levon Allport 0-0: SOLO HOME RUN (Flyball, 78XD, EV 103.8 MPH), Distance : 431 ft
Batting: RHB Elias Howard 0-0: Ball
1-0: Swinging Strike
1-1: Called Strike
1-2: Ball
2-2: Hit by Pitch, AND HE CHARGES THE MOUND! The benches clear!
Pitching: RHP Keanau Valdovinos
Pinch Runner at 1st Charlie Graham:
Batting: LHB Coy Finch 0-0: Sac Bunt to 2L - play at first, batter OUT! 2-3
Charlie Graham to second
Batting: RHB Justin Reaves 0-0: Fly out, F8 (Flyball, 8LD, EV 95.0 MPH)
Runner from 2nd tags up, OUT at 3rd! 8-5
Bottom of the 5th over - 1 run, 1 hit, 0 errors, 0 left on base; Albany 1 - Chesapeake 1
TOP OF THE 6TH
Albany Chiefs batting - Pitching for Chesapeake Mallards : LHP Latif Williamson
Now at 2B: Charlie Graham
Now at 3B: Justin Reaves
Now in CF: Levon Allport
Batting: RHB Vincent Cardon 0-0: Fly out, F9 (Flyball, 9D, EV 103.8 MPH)
Batting: LHB Israel Ball 0-0: Foul Ball, location: 2F
0-1: Foul Ball, location: 2F
0-2: Ball
1-2: Ball
2-2: Ball
3-2: Foul Ball, location: 2F
3-2: Base on Balls
Batting: RHB Martin McDaniel 0-0: Ball
1-0: Ball
2-0: Called Strike
2-1: Swinging Strike
2-2: Foul Ball, location: 2F
2-2: Foul Ball, location: 2F
2-2: Strikes out swinging
Batting: RHB Kahlil Cruz 0-0: SINGLE (Flyball, 6MD, EV 92.5 MPH)
Israel Ball to second
Runner from 2nd tries for 3rd, SAFE, throw by CF made to third
Batting: RHB Ash Djojopoespito 0-0: Fly out, F7 (Flyball, 7LS, EV 81.2 MPH)
Top of the 6th over - 0 runs, 1 hit, 0 errors, 2 left on base; Albany 1 - Chesapeake 1
BOTTOM OF THE 6TH
Chesapeake Mallards batting - Pitching for Albany Chiefs : RHP Keanau Valdovinos
Batting: LHB Justin Long 0-0: Swinging Strike
0-1: Ball
1-1: Ball
2-1: Fly out, F8 (Line Drive, 8RM, EV 98.8 MPH)
Batting: SHB Bryson Daly 0-0: Ball
1-0: Ball
2-0: Ball
3-0: Called Strike
3-1: Fly out, F2 (Popup, 23F, EV 87.5 MPH)
Batting: LHB Cole Hasten 0-0: SINGLE (Line Drive, 56, EV 95.6 MPH)
Batting: RHB Cristian Schmidt 0-0: Fly out, F8 (Flyball, 8RD, EV 100.0 MPH)
Bottom of the 6th over - 0 runs, 1 hit, 0 errors, 1 left on base; Albany 1 - Chesapeake 1
TOP OF THE 7TH
Albany Chiefs batting - Pitching for Chesapeake Mallards : LHP Latif Williamson
Batting: RHB Vincent Moffett 0-0: Ball
1-0: Swinging Strike
1-1: Swinging Strike
1-2: Foul Ball, location: 2F
1-2: SINGLE (Groundball, 6MD, EV 101.9 MPH)
Batting: LHB Gavin Goodenow 0-0: Ball
1-0: Called Strike
1-1: Ball
Vincent Moffett is caught stealing 2nd base 2-6
2-1: Foul Ball, location: 2F
2-2: Ground out 1-3 (Groundball, 13S, EV 71.2 MPH)
Batting: LHB Joey Trinidad 0-0: Ground out 4-3 (Groundball, 4S, EV 85.6 MPH)
Top of the 7th over - 0 runs, 1 hit, 0 errors, 0 left on base; Albany 1 - Chesapeake 1
BOTTOM OF THE 7TH
Chesapeake Mallards batting - Pitching for Albany Chiefs : RHP Keanau Valdovinos
Batting: LHB Riley Clifford 0-0: Ball
1-0: Ball
2-0: Ball
3-0: Called Strike
3-1: Swinging Strike
3-2: Strikes out swinging
Batting: RHB Levon Allport 0-0: Ball
1-0: Called Strike
1-1: Called Strike
1-2: Ball
2-2: Strikes out looking
Batting: SHB Charlie Graham 0-0: Called Strike
0-1: Ball
1-1: Ball
2-1: Swinging Strike
2-2: Strikes out swinging
Bottom of the 7th over - 0 runs, 0 hits, 0 errors, 0 left on base; Albany 1 - Chesapeake 1
TOP OF THE 8TH
Albany Chiefs batting - Pitching for Chesapeake Mallards : LHP Latif Williamson
Batting: RHB Rob Lewis 0-0: Ball
1-0: Foul Ball, location: 2F
1-1: Ball
2-1: Called Strike
2-2: Ball
3-2: Foul Ball, location: 2F
3-2: Ground out 5-3 (Groundball, 56, EV 83.8 MPH)
Batting: RHB Vincent Cardon 0-0: Foul Ball, location: 2F
0-1: Ball
1-1: Swinging Strike
1-2: Hit by Pitch
Pitching: RHP Elwin Magomu
Batting: LHB Israel Ball 0-0: Ball
1-0: Ball
2-0: Swinging Strike
2-1: Ball
3-1: Foul Ball, location: 2F
3-2: Base on Balls
Vincent Cardon to second
Pinch Runner at 2nd Desmond Randel:
Batting: RHB Martin McDaniel 0-0: Ball
1-0: Fly out, F7 (Flyball, 7, EV 71.9 MPH)
Pinch Hitting: RHB Luke Johnson 0-0: Fly out, F8 (Flyball, 8LM, EV 87.5 MPH)
Top of the 8th over - 0 runs, 0 hits, 0 errors, 2 left on base; Albany 1 - Chesapeake 1
BOTTOM OF THE 8TH
Chesapeake Mallards batting - Pitching for Albany Chiefs : RHP Keanau Valdovinos
Now at C: Beau Ede
Now at 2B: Tim Mosley
Pinch Hitting: LHB Kellen Todd 0-0: Called Strike
0-1: Ball
1-1: Ball
2-1: SOLO HOME RUN (Flyball, 78XD, EV 105.6 MPH), Distance : 432 ft
Batting: RHB Justin Reaves 0-0: Swinging Strike
0-1: Ball
1-1: Ball
2-1: Ball
3-1: Base on Balls
Pitching: RHP Mason Kucharczyk
Batting: LHB Justin Long 0-0: Ball
Justin Reaves steals 2nd, throwing error, E2
Justin Reaves to third
1-0: SINGLE (Line Drive, 78M, EV 93.8 MPH)
Justin Reaves scores
Batting: SHB Bryson Daly 0-0: Fielders Choice at 2nd, 6-4 (Groundball, 6MS, EV 87.5 MPH)
Batting: LHB Cole Hasten 0-0: Ball
1-0: Called Strike
Bryson Daly steals 2nd base
1-1: Intentional Walk
Batting: RHB Cristian Schmidt 0-0: Ball
1-0: Foul Ball, location: 2F
1-1: Ball
2-1: Foul Ball, location: 2F
2-2: SINGLE (Groundball, 56D, EV 94.4 MPH)
Bryson Daly to third
Cole Hasten to second
Batting: LHB Riley Clifford 0-0: Ball
1-0: Fly out, F7 (Flyball, 7D, EV 93.8 MPH)
Runner from 3rd tags up, SCORES, no throw by LF
Batting: RHB Levon Allport 0-0: Foul Ball, location: 2F
0-1: Swinging Strike
0-2: Ball
1-2: Fielders Choice at 2nd, U6 (Groundball, 6M, EV 90.6 MPH)
Bottom of the 8th over - 3 runs, 3 hits, 1 error, 2 left on base; Albany 1 - Chesapeake 4
TOP OF THE 9TH
Albany Chiefs batting - Pitching for Chesapeake Mallards : RHP Elwin Magomu
Pitching: RHP Bret Reyes
Now in RF: Spencer Keiser
Pinch Hitting: RHB Dane Murray 0-0: Called Strike
0-1: Called Strike
0-2: Ball
1-2: Ball
2-2: SOLO HOME RUN (Flyball, 7D, EV 94.4 MPH), Distance : 377 ft
Batting: RHB Vincent Moffett 0-0: SINGLE (Groundball, 6MD, EV 98.1 MPH)
Batting: LHB Gavin Goodenow 0-0: Ball
Wild Pitch!
Vincent Moffett to second
1-0: Called Strike
1-1: Called Strike
1-2: Ball
2-2: 2-RUN HOME RUN (Flyball, 9D, EV 95.6 MPH), Distance : 381 ft
Batting: LHB Joey Trinidad 0-0: Swinging Strike
0-1: Ball
1-1: DOUBLE (Line Drive, 7LM, EV 92.5 MPH)
Batting: RHB Rob Lewis 0-0: Intentional Walk
Pinch Runner at 2nd Deelon Venkataraghavan:
Batting: RHB Beau Ede 0-0: Ball
1-0: Swinging Strike
1-1: Foul Ball, location: 2F
1-2: Ball
2-2: Grounds into double play, 1-6-3 (Groundball, 34S, EV 70.6 MPH)
Deelon Venkataraghavan to third
Batting: LHB Israel Ball 0-0: Foul Ball, location: 2F
0-1: Foul Ball, location: 2F
0-2: Ground out 4-3 (Groundball, 34, EV 82.5 MPH)
Top of the 9th over - 3 runs, 4 hits, 0 errors, 1 left on base; Albany 4 - Chesapeake 4
BOTTOM OF THE 9TH
Chesapeake Mallards batting - Pitching for Albany Chiefs : RHP Mason Kucharczyk
Now at 1B: John White
Now at SS: Justin Taulbee
Pinch Hitting: RHB Mikel Slayden 0-0: Ball
1-0: Ball
2-0: Fly out, F8 (Flyball, 8RM, EV 83.1 MPH)
Batting: LHB Spencer Keiser 0-0: Called Strike
0-1: Ball
1-1: Ball
2-1: Foul Ball, location: 2F
2-2: Ball
3-2: SINGLE (Groundball, 56D, EV 98.8 MPH)
Pitching: RHP Simon Kalvoda
Batting: RHB Justin Reaves 0-0: Called Strike
0-1: Ball
1-1: Ground out 4-3 (Groundball, 34, EV 84.4 MPH)
Spencer Keiser to second
Batting: LHB Justin Long 0-0: Ball
1-0: Called Strike
1-1: Fly out, F8 (Flyball, 8LD, EV 101.2 MPH)
Bottom of the 9th over - 0 runs, 1 hit, 0 errors, 1 left on base; Albany 4 - Chesapeake 4
TOP OF THE 10TH
Albany Chiefs batting - Pitching for Chesapeake Mallards : RHP Bret Reyes
Pitching: RHP Erin Majors
Now at 2B: Willy Holsapple
Batting: RHB Martin McDaniel 0-0: Called Strike
0-1: DOUBLE (Flyball, 78D, EV 111.9 MPH)
Pinch Hitting: RHB Trevor McGill 0-0: Intentional Walk
Batting: LHB John White 0-0: Ball
1-0: Ball
Martin McDaniel is caught stealing 3rd base 2-5
2-0: Ball
3-0: Called Strike
3-1: Foul Ball, location: 2F
3-2: Strikes out looking
Batting: RHB Vincent Moffett 0-0: SINGLE (Groundball, 56D, EV 103.1 MPH)
Trevor McGill to second
Pinch Runner at 2nd Kethan Hajiyev:
Batting: LHB Gavin Goodenow 0-0: Called Strike
0-1: Called Strike
0-2: Strikes out swinging
Top of the 10th over - 0 runs, 2 hits, 0 errors, 2 left on base; Albany 4 - Chesapeake 4
BOTTOM OF THE 10TH
Chesapeake Mallards batting - Pitching for Albany Chiefs : RHP Simon Kalvoda
Pitching: RHP Eddie Mears
Now at 2B: Maverick Flynn
Batting: SHB Bryson Daly 0-0: Called Strike
0-1: Ball
1-1: Ball
2-1: Ball
3-1: Base on Balls
Batting: LHB Cole Hasten 0-0: Fly out, F7 (Flyball, 78D, EV 79.4 MPH)
Batting: RHB Cristian Schmidt 0-0: Called Strike
0-1: Ball
1-1: Ball
2-1: Foul Ball, location: 2F
2-2: Foul Ball, location: 2F
2-2: Ball
3-2: Foul Ball, location: 2F
3-2: Fielders Choice at 2nd, 6-4 (Groundball, 56, EV 105.0 MPH)
Batting: LHB Riley Clifford 0-0: Ball
1-0: Swinging Strike
1-1: Ball
2-1: Swinging Strike
2-2: Ground out 4-3 (Groundball, 34D, EV 81.2 MPH)
Bottom of the 10th over - 0 runs, 0 hits, 0 errors, 1 left on base; Albany 4 - Chesapeake 4
TOP OF THE 11TH
Albany Chiefs batting - Pitching for Chesapeake Mallards : RHP Erin Majors
Pinch Hitting: RHB Eric Massaro 0-0: Called Strike
0-1: Swinging Strike
0-2: Ball
1-2: Ball
2-2: Strikes out swinging
Batting: RHB Rob Lewis 0-0: Foul Ball, location: 2F
0-1: Called Strike
0-2: Ball
1-2: Foul Ball, location: 2F
1-2: Fly out, F4 (Popup, 13, EV 90.0 MPH)
Batting: RHB Beau Ede 0-0: Ball
1-0: Ball
2-0: Called Strike
2-1: Foul Ball, location: 2F
2-2: Ball
3-2: Strikes out looking
Top of the 11th over - 0 runs, 0 hits, 0 errors, 0 left on base; Albany 4 - Chesapeake 4
BOTTOM OF THE 11TH
Chesapeake Mallards batting - Pitching for Albany Chiefs : RHP Eddie Mears
Now at SS: Justyn Kenn
Pinch Hitting: RHB Dwight West 0-0: Ball
1-0: Reached on error, E5 (Groundball, 56, EV 84.4 MPH)
Batting: RHB Willy Holsapple 0-0: Ball
1-0: Foul Ball, location: 2F
1-1: DOUBLE (Line Drive, 9LS, EV 111.2 MPH)
Dwight West scores
Bottom of the 11th over - 1 run, 1 hit, 1 error, 1 left on base; Albany 4 - Chesapeake 5
Saturday, May 11th , 2024 - OOTP Baseball 23.10 Build 110